AoeStats
← Mhafiki

Arabian Desert

509801769Analyzed
1v1 RM · 4d ago on Sep 28, 2026· 52m 3s· 2 players
Game mode
Random Map
Map size
Tiny (2 player)
Population
200
Speed
Normal
Resources
Standard
Victory
Conquest
Starting age
Dark Age
Ending age
Imperial Age
RankedLock teamsTeams togetherTeam positionsShared explorationLock speedFull tech treeHidden civsTurbo modeCheats
Victory
Defeat
🇺🇸 Magyars · United States
1141
+16
🇺🇸 Magyars · United States
1148
-16
Dozer
6:00 Loom
9:23 Feudal Age
12:17 Wheelbarrow
11:35 Horse Collar
13:48 Double-Bit Axe
23:28 Castle Age
22:26 Scale Barding Armor
23:08 Bloodlines
24:12 Husbandry
23:33 Light Cavalry
26:40 Town Watch
27:48 Hand Cart
29:24 Heavy Plow
31:03 Chain Barding Armor
34:47 Ballistics
34:19 Fletching
35:48 Thumb Ring
36:47 Bow Saw
44:12 Imperial Age
43:20 Bodkin Arrow
43:26 Padded Archer Armor
43:37 Gold Mining
43:37 Stone Mining
45:15 Recurve Bow
45:35 Conscription
44:37 Heavy Cavalry Archer
45:43 Parthian Tactics
45:23 Bracer
46:41 Chemistry
46:51 Leather Archer Armor
47:45 Siege Engineers
49:25 Ring Archer Armor
49:30 Plate Barding Armor
49:08 Corvinian Army
50:30 Elite Magyar Huszar
52:40 Hoardings
Mhafiki
9:30 Loom
11:15 Feudal Age
12:49 Double-Bit Axe
14:28 Horse Collar
21:46 Castle Age
23:29 Bloodlines
23:25 Scale Barding Armor
24:04 Bow Saw
25:52 Scale Mail Armor
26:24 Man-at-Arms
26:28 Pikeman
28:49 Chain Barding Armor
31:13 Chain Mail Armor
32:07 Fletching
33:19 Thumb Ring
34:34 Arson
36:11 Bodkin Arrow
36:18 Padded Archer Armor
41:25 Corvinian Army
48:15 Imperial Age
46:23 Leather Archer Armor
48:27 Gold Mining
49:22 Parthian Tactics
48:58 Bracer
50:48 Ring Archer Armor
50:41 Conscription
51:25 Plate Barding Armor
50:52 Recurve Bow
Connection lost

Rejoining the realm…

Still unreachable

The connection could not be restored.

Session expired

The server has moved on; the page needs a fresh start.